 Dungeon Crawl Stone Soup version 0.28-a0-883-gc8d7bad45d (webtiles) character file.

Game seed: 17768547962793856727

3689 timneilson the Blocker (level 10, -4/60 HPs)
             Began as a Gargoyle Fighter on Nov 21, 2021.
             Was an Initiate of Okawaru.
             Slain by Duvessa (9 damage)
             ... on level 7 of the Dungeon.
             The game lasted 00:16:13 (8838 turns).

timneilson the Blocker (Gargoyle Fighter)           Turns: 8838, Time: 00:16:13

Health: -4/60      AC: 23    Str: 22    XL:     10   Next: 13%
Magic:  10/10      EV:  9    Int: 14    God:    Okawaru [......]
Gold:   388        SH:  6    Dex:  9    Spells: 9/9 levels left

rFire   . . .      SeeInvis .   a - +0 long sword
rCold   . . .      Faith    .   c - +1 buckler
rNeg    + . .      Spirit   .   d - +0 chain mail
rPois   ∞          Reflect  .   f - +0 helmet
rElec   +          Harm     .   x - +0 cloak
rCorr   .          Rampage  .   m - +0 pair of gloves
Will    +....                   q - +0 pair of boots {Fly}
Stlth   ..........              (no amulet)
HPRegen 0.20/turn               t - ring of willpower
MPRegen 0.12/turn               (no ring)

@: flying
A: sickness immunity, AC +7, negative energy resistance 1, electricity
resistance, torment resistance 1, petrification resistance, clever 2
a: Renounce Religion


You were on level 7 of the Dungeon.
You worshipped Okawaru.
Okawaru was noncommittal.
You visited 2 branches of the dungeon, and saw 8 of its levels.
You also visited: Sewer.

You collected 388 gold pieces.

Inventory:

Hand Weapons
 a - a +0 long sword (weapon)
Armour
 c - a +1 buckler (worn)
 d - a +0 chain mail (worn)
 f - a +0 helmet (worn)
 m - a +0 pair of gloves (worn)
 q - a +0 pair of boots of flying (worn)
 x - a +0 cloak (worn)
Jewellery
 t - a ring of willpower (left hand)
 u - an amulet of reflection
Wands
 n - a wand of polymorph (9)
Scrolls
 e - 2 scrolls of fear
 p - 2 scrolls of teleportation
 w - a scroll of noise {unknown}
Potions
 b - a potion of flight
 g - a potion of attraction {unknown}
 i - 3 potions of invisibility
 j - a potion of curing
 k - 4 potions of mutation
 l - 2 potions of cancellation
 o - a potion of resistance {unknown}
 r - a potion of berserk rage {unknown}
 s - a potion of lignification {unknown}
 v - a potion of magic {unknown}


   Skills:
 + Level 6.1 Fighting
 * Level 6.6 Long Blades
 * Level 8.3 Armour
 + Level 3.7 Dodging
 * Level 8.3 Shields
 + Level 0.0 Invocations
 + Level 2.8 Evocations


You had 9 spell levels left.
You didn't know any spells.
Your spell library contained the following spells:

 Spells                   Type           Power      Damage    Failure   Level
 Passwall                 Tmut/Erth      0%         N/A       96%         2
 Swiftness                Air            0%         N/A       99%         3
 Petrify                  Tmut/Erth      0%         N/A       100%        4
 Irradiate                Conj/Tmut      0%         3d14      100%        5
 Sublimation of Blood     Necr           Unusable   N/A       N/A         2
 Animate Dead             Necr           Unusable   N/A       N/A         4
 Haunt                    Necr/Summ      Unusable   N/A       N/A         7
 Infestation              Necr           Unusable   N/A       N/A         8

Dungeon Overview and Level Annotations

Branches:
Dungeon (7/15)             Temple (1/1) D:7           Sewer (visited)

Altars:
Ashenzari
Cheibriados
Dithmenos
Elyvilon
Fedhas
Gozag
Hepliaklqana
Kikubaaqudgha
Makhleb
Nemelex Xobeh
Okawaru
Qazlal
Ru
Sif Muna
Uskayaw
Vehumet
Wu Jian
Xom
Yredelemnul
Zin
The Shining One
Beogh

Shops:
D:2 :   D:5 [

Annotations:
D:7 3 runed translucent doors, Duvessa; RatsInWall's ghost, novice HOMo


Innate Abilities, Weirdness & Mutations

You are immune to sickness and miasma.
Your stone body is resilient. (AC +7)
You are immune to poison.
You resist negative energy. (rN+)
You are resistant to electric shocks. (rElec)
You are resistant to unholy torment.
You are immune to petrification.
Your mind is very acute. (Int +4)


Message History

Duvessa hits you with a +0 rapier!
You slash Duvessa!
Duvessa is severely wounded.
Duvessa hits you but does no damage. Duvessa hits you with a +0 rapier!
You barely miss Duvessa.
Duvessa is severely wounded.
Duvessa hits you but does no damage. Duvessa hits you with a +0 rapier.
You hit Duvessa but do no damage.
Duvessa is severely wounded.
Duvessa hits you but does no damage.
You closely miss Duvessa.
Duvessa is severely wounded.
Duvessa closely misses you. You block Duvessa's attack.
You hit Duvessa.
Duvessa is severely wounded.
Duvessa hits you but does no damage.
You hit Duvessa.
Duvessa is severely wounded.
You block Duvessa's attack. Duvessa hits you with a +0 rapier!
* * * LOW HITPOINT WARNING * * *
You barely miss Duvessa.
Duvessa is severely wounded.
Duvessa hits you with a +0 rapier.
* * * LOW HITPOINT WARNING * * *
Duvessa hits you but does no damage.
You barely miss Duvessa.
Duvessa is severely wounded.
Duvessa barely misses you.
You closely miss Duvessa.
Duvessa is severely wounded.
You block Duvessa's attack. Duvessa hits you but does no damage.
Things that are here:
a +0 dagger; a +0 robe Duvessa rages.
You block Duvessa's attack. Duvessa hits you but does no damage.
Duvessa hits you with a +0 rapier.
* * * LOW HITPOINT WARNING * * *
Duvessa hits you with a +0 rapier!
You die...

#.###)...##..# .# #.
.... #.# #.>..##.##
.# ###. #.#
#.......# .. ## #.#
#####..### # # ##.##
#.)..### # ##...#
##(÷#...# # #....#
#.)####....... #
#....#
##.#########...#
#....# #..@e..#
.#### #...##
#....s.######.....#.
##.##
#.........).......#.
#.##
#......#####.=....#)
##.# ########
......#[ #.##
....(.#_ ##.#
......#. ##)##
......#. #...#
#######.


You could see Duvessa (berserk) and a scorpion.

Vanquished Creatures
  Pikel (D:4)
  Prince Ribbit (D:6)
  Sigmund (D:3)
  Edmund (D:4)
  2 water moccasins
  4 sky beasts
  A black bear (D:5)
  3 ice beasts
  2 necrophages
  3 ogres
  A centaur (D:7)
  A phantom (D:5)
  A bullfrog (D:7)
  2 kobold brigands (D:7)
  A water moccasin zombie (D:5)
  A scorpion (D:4)
  Dowan (D:7)
  4 wights (D:7)
  A centaur zombie (D:6)
  2 jellies
  An orc priest (D:4)
  Crazy Yiuf (D:7)
  A centaur skeleton (D:5)
  2 scorpion zombies (D:5)
  2 iguanas (D:5)
  Robin (D:4)
  A howler monkey skeleton (D:4)
  11 gnolls
  11 adders
  6 river rats
  A shadow imp (D:6)
  2 white imps (D:7)
  An ufetubus (D:5)
  5 worms
  2 dart slugs (D:4)
  8 orcs
  7 endoplasms
  6 giant cockroaches
  14 goblins
  18 hobgoblins
  4 jackals
  6 quokkas
  8 ball pythons
  5 bats
  4 frilled lizards
  25 kobolds
  22 rats
209 creatures vanquished.

Vanquished Creatures (others)
  A goblin (D:4)
1 creature vanquished.

Grand Total: 210 creatures vanquished

Notes
Turn   | Place    | Note
-------+----------+-------------------------------------------
     0 | D:1      | timneilson the Gargoyle Fighter began the quest for the
                  | Orb.
     0 | D:1      | Reached XP level 1. HP: 14/14 MP: 1/1
   221 | D:1      | Reached XP level 2. HP: 17/19 MP: 2/2
   870 | D:2      | Reached XP level 3. HP: 23/23 MP: 3/3
  1214 | D:2      | Found Oshutioga's Book Emporium.
  1372 | D:2      | Reached XP level 4. HP: 12/28 MP: 4/4
  2237 | D:3      | Noticed an ogre
  2243 | D:2      | Killed an ogre
  2244 | D:2      | Reached skill level 1 in Dodging
  2244 | D:2      | Reached XP level 5. HP: 32/33 MP: 5/5
  2366 | D:3      | Noticed Sigmund
  2379 | D:3      | Killed Sigmund
  2380 | D:3      | Reached skill level 5 in Armour
  2380 | D:3      | Reached XP level 6. HP: 10/38 MP: 6/6
  2768 | D:3      | Reached skill level 5 in Shields
  2895 | D:4      | Reached XP level 7. HP: 11/43 MP: 7/7
  3263 | D:4      | Noticed Robin
  3297 | D:4      | Killed Robin
  3358 | D:4      | Found a glowing drain.
  3389 | Sewer    | Entered a sewer
  4198 | D:4      | Noticed Edmund
  4211 | D:4      | Gained mutation: Your mind is acute. (Int +2) [potion of
                  | mutation]
  4211 | D:4      | Gained mutation: Your mind is very acute. (Int +4) [potion
                  | of mutation]
  4231 | D:4      | Killed Edmund
  4240 | D:4      | Noticed Pikel
  4257 | D:4      | Killed Pikel
  4258 | D:4      | Reached XP level 8. HP: 17/48 MP: 8/8
  4951 | D:5      | Entered Level 5 of the Dungeon
  5179 | D:5      | Reached skill level 5 in Fighting
  5277 | D:5      | You fall into a shaft and drop 2 floors!
  5321 | D:6      | Reached skill level 5 in Long Blades
  5714 | D:5      | Reached skill level 1 in Evocations
  5818 | D:5      | Reached XP level 9. HP: 44/54 MP: 9/9
  5899 | D:5      | Found Enoul's Armour Emporium.
  6259 | D:6      | Noticed Prince Ribbit
  6301 | D:6      | Killed Prince Ribbit
  7222 | D:7      | Noticed RatsInWall's ghost (novice HOMo)
  7430 | D:7      | Identified the +3 plate armour of the Arcane {rCorr}
  7431 | D:7      | Found a runed translucent gate.
  7487 | D:7      | Found a runed translucent gate.
  7488 | D:7      | Found a runed translucent gate.
  7649 | D:7      | Reached XP level 10. HP: 60/60 MP: 10/10
  7876 | D:7      | Found a staircase to the Ecumenical Temple.
  7908 | Temple   | Entered the Ecumenical Temple
  7913 | Temple   | Became a worshipper of Warmaster Okawaru
  8657 | D:7      | Found a runed translucent door.
  8658 | D:7      | Noticed Crazy Yiuf
  8669 | D:7      | Killed Crazy Yiuf
  8792 | D:7      | Noticed Dowan
  8804 | D:7      | Killed Dowan
  8805 | D:7      | Noticed Duvessa
  8838 | D:7      | Slain by Duvessa

Illustrated notes

Levels and vault maps discovered:
D:1:      lemuel_arrival_cross, layout_basic, chequers_jeans
D:2:      layout_basic, serial_shops, nicolae_shop_stone, serial_forest,
          infiniplex_forest_lined_3_way, infiniplex_forest_end_2,
          infiniplex_forest_lined_2, infiniplex_forest_lined_room_2,
          infiniplex_forest_straight_4, hangedman_decor_opposing,
          grunt_ministairs_15, minmay_misc_feat_secret_circle, minmay_vboxes
D:3:      layout_basic, uniq_sigmund
D:4:      layout_loops_cross, gup_sewer_entry_bowl, kennysheep_generic_room_6,
          uniq_edmund, uniq_robin, uniq_pikel
D:5:      layout_rooms, serial_shops, nicolae_shop_trees, kennysheep_nondescript
D:6:      layout_loops_ring, serial_rivers, chequers_serial_rivers_small_3,
          chequers_serial_rivers_marsh, chequers_serial_rivers_micro_a,
          chequers_serial_rivers_micro_d, uniq_prince_ribbit1
D:7:      layout_rooms, minmay_temple_entry_offerings,
          biasface_ghost_orc_armoury, chequers_serial_rivers_micro_c,
          uniq_crazy_yiuf_cottage, uniq_harold, uniq_duvessa
Temple:   nicolae_temple_the_god_donut

Skill      XL: |  1  2  3  4  5  6  7  8  9 |
---------------+----------------------------+-----
Long Blades    | 2 3 4 5 6 |  6.6
Armour         | 4 5 6 8 |  8.3
Shields        | 4 5 6 8 |  8.3
Dodging        | 1 2 3 |  3.7
Fighting       | 4 5 6 |  6.1
Evocations     | 1 2 |  2.8

Action                   |  1- 3 |  4- 6 |  7- 9 | 10-12 || total
-------------------------+-------+-------+-------+-------++-------
Melee: Long sword        |   100 |   142 |   618 |    89 ||   949
  Use: Scroll            |     1 |     7 |     8 |       ||    16
       Potion            |     1 |     3 |     5 |     1 ||    10
 Stab: Invisible         |       |       |     2 |       ||     2
Armor: Scale mail        |    56 |    46 |       |       ||   102
       Chain mail        |       |    59 |   402 |    41 ||   502
Dodge: Dodged            |    47 |    93 |   261 |    32 ||   433
Block: Buckler           |    15 |    44 |   175 |    25 ||   259

Table legend: (Time is in decaauts)
 A = Elapsed time spent in this place.
 B = Non-inter-level travel time spent in this place.
 C = Inter-level travel time spent in this place.
 D = Time resting spent in this place.
 E = Time spent auto-exploring this place.
 F = Levels seen in this place.
 G = Mean time per level.
                   A        B        C        D        E       F      G
               +--------+--------+--------+--------+--------+-----+--------+
         Total |   9034 |   8852 |    182 |    396 |   6057 |   9 | 1003.8 |
       Dungeon |   7503 |   7360 |    143 |    297 |   4959 |   7 | 1071.9 |
        Temple |    723 |    684 |     39 |      0 |    663 |   1 |  723.0 |
         Sewer |    807 |    807 |      0 |     99 |    434 |   1 |  807.0 |
               +--------+--------+--------+--------+--------+-----+--------+

Top non-repeatable levels by time:
     D:2: 1406 daAuts
     D:4: 1337 daAuts
     D:6: 1168 daAuts
     D:5: 1098 daAuts
     D:7: 957 daAuts
     D:1: 882 daAuts
   Sewer: 807 daAuts
  Temple: 723 daAuts
     D:3: 652 daAuts
